 Dungeon Crawl Stone Soup version 0.31-a0-75-g6fe912e8c5 (webtiles) character file.

Game seed: 3244227779068379290

2314 TittyCrusher the Insei (level 9, -5/105 HPs)
             Began as a Naga Transmuter on May 24, 2023.
             Succumbed to a gnoll sergeant's poison
             ... on level 8 of the Dungeon.
             The game lasted 00:21:29 (7475 turns).

TittyCrusher the Insei (Naga Transmuter)            Turns: 7475, Time: 00:21:30

Health: -5/105     AC:  2    Str: 12    XL:     9   Next: 41%
Magic:  13/15      EV: 19    Int: 15    God:
Gold:   36         SH:  0    Dex: 20    Spells: 6/16 levels left

rFire   + . .        b - melded +0 sling
rCold   . . .        (shield currently unavailable)
rNeg    . . .        G - melded +0 robe "Bowoas" {Will+}
rPois   x            (helmet currently unavailable)
rElec   .            (cloak currently unavailable)
rCorr   .            i - melded +0 pair of gloves
SInv    +            (no barding)
Will    +....        C - amulet of faith Stlth
                     f - ring of protection from fire
HPRegen 0.37/turn    (no ring)
MPRegen 0.14/turn

%: faith
@: berserking, lethally poisoned (-5 -> -51), spider-form, very quick
A: venomous fangs, AC +3, tiny, see invisible, (deformed body), (poison
resistance), (slowness 2), spit poison 1, (naga tail 1), (antennae 1), sense
surroundings 1
a: Spit Poison, End Transformation


You were on level 8 of the Dungeon.
You were a venomous arachnid creature.
You visited 2 branches of the dungeon, and saw 9 of its levels.

You collected 298 gold pieces.
You spent 262 gold pieces at shops.

Inventory:

Hand Weapons
 b - a +0 sling (melded)
 e - a +0 whip
 s - a +1 halberd of venom
 E - a +4 spear
Missiles
 g - 73 stones
 n - 6 atropa-tipped darts
 o - 3 throwing nets
 I - 8 poisoned darts
Armour
 c - a +0 ring mail
 i - a +0 pair of gloves (melded)
 G - the +0 robe "Bowoas" (melded) {Will+}
   (You bought it in a shop on level 7 of the Dungeon)

   Will:      It increases your willpower.
Magical Staves
 x - a staff of earth
Jewellery
 f - a ring of protection from fire (left front pincers)
 C - an amulet of faith (around neck)
Wands
 a - a wand of paralysis (21)
 d - a wand of flame (25)
 q - a wand of acid (8)
 D - a wand of mindburst (10)
Scrolls
 k - a scroll of amnesia
 l - a scroll of noise
 m - a scroll of blinking {unknown}
 p - a scroll of enchant armour {unknown}
 r - 2 scrolls of teleportation {unknown}
 w - a scroll of butterflies {unknown}
 y - 2 scrolls of enchant weapon {unknown}
Potions
 h - 2 potions of cancellation
 j - a potion of resistance
 v - a potion of might
 A - a potion of enlightenment
 B - 4 potions of invisibility {unknown}
 F - a potion of mutation
 H - a potion of haste {unknown}


   Skills:
 - Level 1.0 Fighting
 - Level 1.5 Dodging
 - Level 7.6 Unarmed Combat
 - Level 4.0 Spellcasting
 - Level 4.4 Transmutations
 + Level 7.2 Ice Magic
 - Level 4.9 Poison Magic


You had 6 spell levels left.
You knew the following spells:

 Your Spells              Type           Power      Damage    Failure   Level
a - Beastly Appendage     Tmut           32%        N/A       11%         1
b - Wereblood             Tmut           16%        N/A       13%         2
c - Spider Form           Tmut/Pois      15%        N/A       24%         3
d - Ice Form              Ice/Tmut       19%        N/A       41%         4

Your spell library contained the following spells:

 Spells                   Type           Power      Damage    Failure   Level
 Magic Dart               Conj           12%        1d3       38%         1
 Necrotise                Necr           12%        1d4       38%         1
 Call Imp                 Summ           6%         N/A       47%         2
 Mephitic Cloud           Conj/Pois/Air  5%         N/A       58%         3
 Tukima's Dance           Hex            3%         N/A       69%         3
 Vampiric Draining        Necr           3%         2d6       69%         3
 Vhi's Electric Charge    Tloc/Air       2%         N/A       75%         3
 Passage of Golubria      Tloc           3%         N/A       96%         4
 Yara's Violent Unravell  Hex/Tmut       4%         3d4       98%         5
 Agony                    Necr           3%         N/A       100%        5
 Arcjolt                  Conj/Air       0%         1d10      100%        5
 Malign Gateway           Summ/Tloc      0%         N/A       100%        7
 Maxwell's Capacitive Co  Air            1%         ∞         100%        8
 Summon Horrible Things   Summ           1%         N/A       100%        8


Dungeon Overview and Level Annotations

Branches:
Dungeon (8/15)             Temple (1/1) D:7
   Lair: D:8-11

Altars:
Dithmenos
Elyvilon
Gozag
Hepliaklqana
Makhleb
Nemelex Xobeh
Ru
Sif Muna
Trog
Uskayaw
Vehumet
Wu Jian
Xom
Yredelemnul
Zin
The Shining One

Shops:
D:4 [=!*   D:6 :   D:7 [

Annotations:
D:4 1 runed translucent door, Crazy Yiuf
D:6 2 transporters, Lexicon's ghost, novice OgFi


Innate Abilities, Weirdness & Mutations

You are a venomous arachnid creature.
You have venomous fangs.
You are tiny and dextrous.
Your spellcasting is less reliable in this form.
Your armour is entirely melded.
You are incapable of wielding weapons or throwing items.
((Your serpentine skin is tough. (AC +3)))
You have supernaturally acute eyesight. (SInv)
((Armour fits poorly on your strangely shaped body.))
((Your system is resistant to poisons. (rPois)))
((You cover ground very slowly.))
You can spit poison.
((You have a snake-like lower body.))
((You have a pair of small antennae on your head.))
You passively map a small area around you.


Message History

You feel sick. The gnoll sergeant misses you.
You barely miss the gnoll sergeant.
The gnoll sergeant is heavily wounded.
You feel sick.
The gnoll sergeant hits you with a +2 trident of venom!
You are lethally poisoned!
You feel much better.
You feel extremely sick.
The gnoll sergeant hits you with a +2 trident of venom!
You are lethally poisoned!
You hit the gnoll sergeant.
The gnoll sergeant looks as sick as possible!
The gnoll sergeant is severely wounded.
* * * LOW HITPOINT WARNING * * *
You feel extremely sick.
The gnoll sergeant hits you with a +2 trident of venom.
* * * LOW HITPOINT WARNING * * *
You are more poisoned.
You feel much better.
You feel extremely sick.
The gnoll sergeant hits you with a +2 trident of venom!
* * * LOW HITPOINT WARNING * * *
Unknown command.
A red film seems to cover your vision as you go berserk!
You feel yourself moving faster!
You feel mighty!
* * * LOW HITPOINT WARNING * * *
You feel extremely sick.
The gnoll sergeant hits you with a +2 trident of venom!
* * * LOW HITPOINT WARNING * * *
You are more poisoned.
You barely miss the gnoll sergeant.
The gnoll sergeant is severely wounded.
* * * LOW HITPOINT WARNING * * *
You feel extremely sick.
You bite the gnoll sergeant!
You kill the gnoll sergeant!
* * * LOW HITPOINT WARNING * * *
You feel very sick.
You are too berserk!
You die...

** #.... , , ,..
#..###### , .. #.
#.......# , *. #.*
#.......#
[,#.####.......# ,
#.#...##..#....# ,
#.#...##)##....# ,,
,,
##........#####'#*
,
##....)<...##...s#
,, *
#..........##.>..#
.....#.....##....#
,
##...##.....######,
, ### #......# *
,,, #........ ,
###...#.. ,,
....##* ** #...# *
,


There were no monsters in sight!

Vanquished Creatures
  Prince Ribbit (D:7)
  Eustachio (D:3)
  A black bear (D:6)
  2 ice beasts (D:6)
  2 centaurs (D:7)
  2 ogres
  A kobold brigand (D:7)
  2 phantoms (D:4)
  A bullfrog (D:6)
  A gnoll sergeant (D:8)
  3 scorpions
  3 wights (D:6)
  4 hounds
  3 orc priests
  A gnoll bouda (D:4)
  3 orc wizards
  An iguana (D:6)
  2 sleepcaps
  12 gnolls
  6 adders
  2 ufetubi (D:5)
  3 worms
  21 orcs
  8 endoplasms
  7 giant cockroaches
  7 goblins
  6 hobgoblins
  7 jackals
  11 kobolds
  A quokka (D:5)
  9 ball pythons
  4 bats
  3 frilled lizards
  4 rats
145 creatures vanquished.

Notes
Turn   | Place    | Note
-------+----------+-------------------------------------------
     0 | D:1      | TittyCrusher the Naga Transmuter began the quest for the
                  | Orb.
     0 | D:1      | Reached XP level 1. HP: 18/18 MP: 3/3
   230 | D:1      | Reached XP level 2. HP: 21/25 MP: 3/5
   253 | D:1      | Learned a level 2 spell: Wereblood
   782 | D:1      | Reached XP level 3. HP: 31/31 MP: 6/6
  1168 | D:1      | Learned a level 3 spell: Spider Form
  1361 | D:2      | Reached XP level 4. HP: 38/38 MP: 5/7
  1808 | D:2      | Reached skill level 1 in Poison Magic
  2191 | D:3      | Gained mutation: You passively map a small area around you.
                  | [potion of mutation]
  2191 | D:3      | Gained mutation: You have a pair of small antennae on your
                  | head. [potion of mutation]
  2350 | D:3      | Found a bloodstained altar of Trog.
  2389 | D:3      | Reached XP level 5. HP: 28/44 MP: 4/8
  2571 | D:3      | Found a hazy altar of Hepliaklqana.
  2922 | D:3      | Found a faded altar of an unknown god.
  3135 | D:4      | Noticed Eustachio
  3159 | D:3      | Killed Eustachio
  3160 | D:3      | Reached XP level 6. HP: 33/51 MP: 4/9
  3531 | D:4      | Reached skill level 5 in Unarmed Combat
  3531 | D:4      | Reached XP level 7. HP: 57/57 MP: 6/10
  3773 | D:4      | Found Vuted's Jewellery Shop.
  3826 | D:4      | Found Cuqoul's Antique Armour Shoppe.
  3838 | D:4      | Found Keavaulu's Distillery.
  3848 | D:4      | Bought a potion of heal wounds for 50 gold pieces
  3848 | D:4      | Bought a potion of curing for 30 gold pieces
  3848 | D:4      | Bought a potion of might for 40 gold pieces
  3892 | D:4      | Found a runed translucent door.
  3893 | D:4      | Noticed Crazy Yiuf
  4070 | D:4      | Found Limu's Assorted Antiques.
  4119 | D:4      | Found a shadowy altar of Dithmenos.
  4211 | D:4      | Found a sacrificial altar of Ru.
  4325 | D:5      | Entered Level 5 of the Dungeon
  4529 | D:5      | Found a glowing golden altar of the Shining One.
  4553 | D:5      | Reached XP level 8. HP: 64/64 MP: 9/13
  5077 | D:6      | Found a transporter.
  5078 | D:6      | Noticed Lexicon's ghost (novice OgFi)
  5155 | D:6      | Found Zunaj's Book Shoppe.
  5375 | D:6      | Found a transporter.
  5656 | D:6      | Learned a level 4 spell: Ice Form
  5723 | D:6      | Reached skill level 1 in Ice Magic
  6431 | D:6      | Found a white marble altar of Elyvilon.
  6431 | D:6      | Found a radiant altar of Vehumet.
  6432 | D:6      | Found a sparkling altar of Nemelex Xobeh.
  6595 | D:7      | Reached XP level 9. HP: 70/70 MP: 15/15
  6604 | D:7      | Reached skill level 5 in Ice Magic
  6700 | D:7      | Found Geuschery's Antique Armour Emporium.
  6728 | D:7      | Bought a warped robe for 142 gold pieces
  6728 | D:7      | Identified the +0 robe "Bowoas" {Will+} (You bought it in a
                  | shop on level 7 of the Dungeon)
  7011 | D:7      | Found a staircase to the Ecumenical Temple.
  7013 | D:7      | Noticed Prince Ribbit
  7029 | D:7      | Killed Prince Ribbit
  7046 | Temple   | Entered the Ecumenical Temple
  7474 | D:8      | HP: 2/105 [poisoned by a gnoll sergeant]
  7475 | D:8      | Succumbed to a gnoll sergeant's poison

Illustrated notes

Levels and vault maps discovered:
D:1:      amcnicky_arrival_flooded_fountain, layout_loops_ring, serial_rivers,
          chequers_serial_rivers_micro_d, chequers_serial_rivers_small_3,
          chequers_serial_rivers_micro_e, chequers_serial_rivers_small_b,
          chequers_serial_rivers_micro_c, chequers_serial_rivers_micro_e,
          minmay_distorted
D:2:      layout_basic
D:3:      layout_loops_ring, mainiacjoe_overflow_cross_hatched,
          nicolae_hepliaklqana_hazy_memory,
          shapermc_ecumenical_altar_mp_ritualfount
D:4:      layout_rooms, hangedman_ru_absence, nicolae_dithmenos_shadow_blocks,
          serial_shops, nicolae_shop_waterfront, shop, shop,
          nicolae_shop_tiny_real_fake_doors, uniq_crazy_yiuf_cottage,
          uniq_eustachio
D:5:      layout_gridville, mainiacjoe_overflow_24_doors
D:6:      layout_layer_cave, gammafunk_temple_overflow_claw,
          gammafunk_ghost_stat_death, serial_shops, nicolae_shop_rolling_square
D:7:      layout_loops_ring, minmay_temple_entry_crystal_x,
          nicolae_stop_n_shop_1, uniq_prince_ribbit1
D:8:      layout_cave_pools, grunt_temple_overflow_growth_and_decay,
          minmay_lair_entry_grove, special_room [special_room_orc],
          serial_gnoll_camp, gnoll_camp_mini_hut, gnoll_camp_mini_shop,
          gnoll_camp_mini_doghouse, gnoll_camp_mini_doghouse,
          gnoll_camp_mini_sergeant, uniq_amaemon, uniq_joseph
Temple:   hellmonk_temple_rainy

Skill      XL: |  1  2  3  4  5  6  7  8  9 |
---------------+----------------------------+-----
Transmutations | 3 4 |  4.4
Poison Magic   | 3 4 |  4.9
Unarmed Combat | 5 6 7 |  7.6
Spellcasting   | 3 4 |  4.0
Ice Magic      | 4 7 |  7.2
Fighting       | |  1.0
Dodging        | |  1.5

Action                     |  1- 3 |  4- 6 |  7- 9 || total
---------------------------+-------+-------+-------++-------
  Melee: Unarmed           |    54 |   127 |   195 ||   376
         Headbutt          |     3 |     2 |       ||     5
         Punch             |     1 |     1 |     1 ||     3
   Fire: Sling             |    14 |    28 |    28 ||    70
   Cast: Beastly Appendage |     9 |     2 |       ||    11
         Wereblood         |     1 |       |     6 ||     7
         Spider Form       |       |    10 |    25 ||    35
Ability: Spit Poison       |    21 |    28 |    24 ||    73
         End Transformatio |       |     1 |       ||     1
  Evoke: Wand              |       |       |    13 ||    13
    Use: Scroll            |     3 |     3 |     2 ||     8
         Potion            |     1 |     4 |     4 ||     9
 Armour: Robe              |     4 |    13 |     5 ||    22
         Skin              |     7 |     8 |     6 ||    21
  Dodge: Dodged            |    22 |    72 |   140 ||   234

Table legend: (Time is in decaauts)
 A = Elapsed time spent in this place.
 B = Non-inter-level travel time spent in this place.
 C = Inter-level travel time spent in this place.
 D = Time resting spent in this place.
 E = Time spent auto-exploring this place.
 F = Levels seen in this place.
 G = Mean time per level.
                   A        B        C        D        E       F      G
               +--------+--------+--------+--------+--------+-----+--------+
         Total |   9370 |   9054 |    316 |   1060 |   6427 |   9 | 1041.1 |
       Dungeon |   9348 |   9042 |    306 |   1060 |   6427 |   8 | 1168.5 |
        Temple |     21 |     12 |      9 |      0 |      0 |   1 |   21.0 |
               +--------+--------+--------+--------+--------+-----+--------+

Top non-repeatable levels by time:
     D:6: 1937 daAuts
     D:1: 1557 daAuts
     D:3: 1391 daAuts
     D:4: 1352 daAuts
     D:2: 1215 daAuts
     D:7: 998 daAuts
     D:5: 812 daAuts
     D:8: 84 daAuts
  Temple: 21 daAuts
